 Dungeon Crawl Stone Soup version 0.24-a0-408-gcc1054c7ca (webtiles) character file.

Game seed: 16585779714156145447

25 Amnesiac the Changer (level 3, -16/23 HPs)
             Began as an Octopode Transmuter on June 5, 2019.
             Blown up by Ijyb (32 damage)
             ... with a disintegration bolt
             ... on level 3 of the Dungeon.
             The game lasted 00:01:52 (703 turns).

Amnesiac the Changer (Octopode Transmuter)           Turns: 703, Time: 00:01:53

Health: -16/23     AC:  1    Str:  9    XL:     3   Next: 4%
Magic:  1/6        EV: 13    Int: 15    God:
Gold:   20         SH:  0    Dex: 13    Spells: 0/6 levels left

rFire    . . .     SeeInvis .     - Unarmed
rCold    . . .     Gourm    .   (no shield)
rNeg     . . .     Faith    .   (helmet restricted)
rPois    .         Spirit   .   (no amulet)
rElec    .         Reflect  .   (no ring)
rCorr    .         Harm     .   (no ring)
MR       .....                  (no ring)
Stlth    ++........             (no ring)
HPRegen  0.07/turn              (no ring)
MPRegen  0.10/turn              (no ring)
                                (no ring)
                                (no ring)

@: very slightly contaminated
A: almost no armour, stealthy swim, amphibious, 8 rings, constrict 8, camouflage
1, gelatinous body 1
a: no special abilities


You were on level 3 of the Dungeon.
You were not hungry.

You visited 1 branch of the dungeon, and saw 3 of its levels.

You collected 20 gold pieces.

Inventory:

Missiles
 a - 46 arrows
 d - 8 datura-tipped darts (quivered)
Scrolls
 f - a scroll of magic mapping {!r, unknown}
Potions
 b - 2 potions of cancellation {!q, unknown}
 e - a potion of magic {!q, unknown}
 g - a potion of curing {!q, unknown}
Comestibles
 c - 3 rations
 h - 3 chunks of flesh


   Skills:
 + Level 1.1 Fighting
 - Level 2.0 Dodging
 * Level 3.1 Unarmed Combat
 - Level 2.0 Spellcasting
 * Level 3.2 Transmutations


You couldn't memorise any spells.
You knew the following spells:

 Your Spells              Type           Power        Failure   Level  Hunger
a - Beastly Appendage     Tmut           ##....       6%          1    #......
b - Sticks to Snakes      Tmut           ##......     9%          2    ###....
c - Spider Form           Tmut/Pois      #.........   34%         3    ###....

Your spell library contained the following spells:

 Spells                   Type           Power        Failure   Level  Hunger
 Ice Form                 Ice/Tmut       #.......     75%         4    #####..
 Blade Hands              Tmut           ##........   86%         5    ######.


Dungeon Overview and Level Annotations

Branches:
Dungeon (3/15)

Altars:

Annotations:
D:3 Ijyb


Innate Abilities, Weirdness & Mutations

You cannot wear most types of armour.
You are very stealthy in the water. (Stealth+)
You are amphibious.
You can wear up to eight rings at the same time.
You can use your tentacles to constrict eight enemies at once.
Your skin changes colour to match your surroundings (Stealth+).
Your rubbery body absorbs attacks. (AC +1, EV +1)


Message History

A kobold comes into view. It is wielding a +0 short sword.
The kobold shouts!
The kobold throws a stone.
The stone closely misses you.
You see here a stone.
A kobold is nearby!
Casting: Sticks to Snakes (safe; 9% risk of failure)
Confirm with . or Enter, or press ? or * to list all spells.
You don't know that spell.
The kobold throws a stone.
The stone closely misses you.
Found a stone staircase leading up.
You barely miss the kobold. The kobold closely misses you.
You tentacle-slap the kobold.
The kobold is moderately wounded.
The kobold hits you with a +0 short sword.
You tentacle-slap the kobold.
You kill the kobold!
No target in view!
No target in view!
No target in view!
No target in view!
No target in view!
No target in view!
No target in view!
No target in view!
No target in view!
No target in view!
No target in view!
No target in view!
No target in view!
No target in view!
No target in view!
No target in view!
No target in view!
No target in view!
No target in view!
Found a ration.
Things that are here:
a +0 short sword; a kobold corpse Magic restored.
Found a stone staircase leading down.
c - 3 rations (gained 1)
You swap places.
Your ball python withers and dies!
HP restored.
There is a stone staircase leading up here.
Ijyb the Twisted Goblin comes into view.
She is wearing a +1 ring mail of fire resistance and carrying a wand of disintegration (20).
Casting: Sticks to Snakes (safe; 9% risk of failure)
Confirm with . or Enter, or press ? or * to list all spells.
You create a snake!
You now have 46 arrows.
Casting: Sticks to Snakes (safe; 9% risk of failure)
Confirm with . or Enter, or press ? or * to list all spells.
You miscast Sticks to Snakes.
You are very lightly contaminated with residual magic.
You feel a strange surge of energy! Ijyb hits your ball python.
Your ball python dies!
Casting: Sticks to Snakes (safe; 9% risk of failure)
Confirm with . or Enter, or press ? or * to list all spells.
You miscast Sticks to Snakes.
Strange energies run through your body.
Ijyb zaps a wand.
You are blasted!
Ijyb zaps a wand.
You barely resist.
Ijyb zaps a wand.
You are blasted!
Ouch! That really hurt!
You die...

######...##
##.........#
##.#####.#.# ##.#
#.)...# ##.###.#.#.#
...........#
##.###.....#
##.........########.#
######<...g.....@>..#
# ###.############ #
#.# #.# #.# #g# #.#
#.# #.#


You could see Ijyb.

Vanquished Creatures
  An ooze (D:2)
  2 leopard geckos
  A ball python (D:1)
  3 goblins
  3 hobgoblins (D:1)
  A quokka (D:2)
  2 bats
  A frilled lizard (D:2)
  2 kobolds
  A rat (D:3)
17 creatures vanquished.

Notes
Turn   | Place    | Note
-------+----------+-------------------------------------------
     0 | D:1      | Amnesiac the Octopode Transmuter began the quest for the
                  | Orb.
     0 | D:1      | Reached XP level 1. HP: 13/13 MP: 3/3
   224 | D:1      | Reached XP level 2. HP: 16/18 MP: 5/5
   231 | D:1      | Learned a level 2 spell: Sticks to Snakes
   594 | D:3      | Reached XP level 3. HP: 23/23 MP: 6/6
   607 | D:3      | Learned a level 3 spell: Spider Form
   687 | D:3      | Noticed Ijyb
   703 | D:3      | Blown up by Ijyb

Levels and vault maps discovered:
D:1:      minmay_arrival_cross, layout_basic
D:2:      layout_basic, grunt_temple_overflow_open, fedhas_altar_3, uniq_terence
D:3:      layout_loops_corners, lemuel_blue_sif_altar, uniq_ijyb

Skill      XL: |  1  2 |
---------------+-------+-----
Transmutations | 3 |  3.2
Fighting       | |  1.1
Dodging        | |  2.0
Unarmed Combat | |  3.1
Spellcasting   | |  2.0

Action                   || total
-------------------------++-------
Melee: Unarmed           ||    38
       Constrict         ||    11
       Tentacles         ||     6
       Punch             ||     1
 Cast: Sticks to Snakes  ||     2
 Stab: Sleeping          ||     4
Dodge: Dodged            ||    20

Table legend:
 A = Non-vault XP
 B = Vault XP
 C = Vault XP percentage of total XP
 D = Non-vault monster count
 E = Vault monster count
 F = Vault count percentage of total count
                 A         B        C        D         E       F
            +---------+---------+-------+---------+---------+-------
      Total |      36 |       0 |   0.0 |      17 |       0 |   0.0
            +---------+---------+-------+---------+---------+-------
        D:1 |      15 |       0 |   0.0 |       8 |       0 |   0.0
        D:2 |      15 |       0 |   0.0 |       5 |       0 |   0.0
        D:3 |       6 |       0 |   0.0 |       4 |       0 |   0.0
            +---------+---------+-------+---------+---------+-------
